[Event "Titled Tuesday Blitz March 28 Late 2023"]
[White "Golubev, Mikhail"]
[Black "Skaric, Djuro"]
[WhiteFideId "14100983"]
[BlackFideId "934569"]
[WhiteElo "2374"]
[BlackElo "2282"]
[Result "1/2-1/2"]
[Round "08"]
[TimeControl "180+2"]
[Date "2023.03.28"]
[WhiteClock "0:00:07"]
[BlackClock "0:01:00"]

1. e4 d6 2. d4 g6 3. c4 Bg7 4. Nc3 Nf6 5. Be2 O-O 6. Be3 Nc6 7. d5 Nb8 8. Nf3 e5 9. dxe6 Bxe6 10. Nd4 Bd7 11. O-O Re8 12. Qc2 Nc6 13. Rad1 Nxd4 14. Bxd4 Bc6 15. f3 Nh5 16. Bxg7 Kxg7 17. f4 Qh4 18. Bxh5 Qxh5 19. Nd5 Bxd5 20. Rxd5 Qg4 21. Qc3+ Kg8 22. Rg5 Qe6 23. Re1 c6 24. h4 Re7 25. h5 Rae8 26. hxg6 fxg6 27. f5 Qe5 28. Qf3 Rg7 29. Kh1 gxf5 30. Rxf5 Qe7 31. Rf1 Kh8 32. Rf8+ Rxf8 33. Qxf8+ Qxf8 34. Rxf8+ Rg8 35. Rf7 Rg7 36. Rf8+ Rg8 37. Rf7 Rg7 38. Rf8+ 1/2-1/2


[Site "https://www.chess.com"]

[Event "Titled Tuesday Blitz March 28 Late 2023"]
[White "Estremera Panos, Sergio"]
[Black "WindWhistler11"]
[WhiteFideId "2200864"]
[WhiteElo "2253"]
[BlackElo "2462"]
[Result "0-1"]
[Round "08"]
[TimeControl "180+2"]
[Date "2023.03.28"]
[WhiteClock "0:00:12"]
[BlackClock "0:00:16"]

1. d4 Nf6 2. c4 e6 3. Nc3 c5 4. d5 exd5 5. cxd5 Bd6 6. e4 O-O 7. Nf3 Re8 8. Nd2 a6 9. a4 Bc7 10. Be2 d6 11. O-O Nbd7 12. Qc2 Nf8 13. Nc4 Rb8 14. a5 Bd7 15. Bf4 Bb5 16. Nxb5 axb5 17. Na3 Rxe4 18. Bg5 Re5 19. f4 Rxd5 20. Nxb5 Ne6 21. Bc4 Rxg5 22. fxg5 Nxg5 23. Qf5 h6 24. h4 Ngh7 25. Qg6 d5 26. Qc2 dxc4 27. Qxc4 Be5 28. Rad1 Qf8 29. Rf5 Re8 30. Kh1 Ng4 31. Rdf1 Ne3 32. Qe4 Nxf5 33. Qxf5 Qe7 34. Nc3 Qxh4+ 35. Kg1 Bd4+ 36. Rf2 Re1# 0-1


[Site "https://www.chess.com"]

[Event "Titled Tuesday Blitz March 28 Late 2023"]
[White "Minko, Dmitry"]
[Black "micke12a"]
[WhiteFideId "24188468"]
[WhiteElo "2147"]
[BlackElo "2324"]
[Result "0-1"]
[Round "08"]
[TimeControl "180+2"]
[Date "2023.03.28"]
[WhiteClock "0:00:01"]
[BlackClock "0:00:10"]

1. e4 c5 2. Nf3 d6 3. d4 cxd4 4. Nxd4 Nf6 5. Nc3 a6 6. Be3 e5 7. Nb3 Be7 8. f3 Be6 9. Qd2 h5 10. Nd5 Nxd5 11. exd5 Bf5 12. Na5 b6 13. Nc4 Nd7 14. Bd3 Bxd3 15. Qxd3 b5 16. Nd2 O-O 17. O-O-O Rc8 18. g4 h4 19. Ne4 Qc7 20. Kb1 Nb6 21. Bxb6 Qxb6 22. g5 Rc4 23. Rhg1 Rfc8 24. c3 b4 25. b3 bxc3 26. Kc2 Rd4 27. Qe2 Qa5 28. a4 Qb4 29. Qxa6 Rb8 30. Rb1 Rb7 31. g6 f5 32. Nxc3 Rc7 33. Qa8+ Bf8 34. Qc6 Rxc6 35. dxc6 Qc5 36. Rgd1 Qxc6 37. Kb2 d5 38. Nb5 Rxd1 39. Rxd1 d4 40. f4 Qxg6 41. fxe5 Qg2+ 42. Kb1 Qd5 43. Kc2 Qxe5 44. Rxd4 Qxh2+ 45. Rd2 Qe5 46. Nd4 h3 0-1


[Site "https://www.chess.com"]

[Event "Titled Tuesday Blitz March 28 Late 2023"]
[White "Romero Pallares, Daniel"]
[Black "Wang, Alexander J"]
[WhiteFideId "32025637"]
[BlackFideId "30955270"]
[WhiteElo "2195"]
[BlackElo "2318"]
[Result "1-0"]
[Round "08"]
[TimeControl "180+2"]
[Date "2023.03.28"]
[WhiteClock "0:01:18"]
[BlackClock "0:00:32"]

1. Nf3 d5 2. b3 Nf6 3. Bb2 e6 4. c4 c6 5. e3 Be7 6. Be2 O-O 7. Qc2 b6 8. Rg1 Bb7 9. g4 Ne4 10. d3 Nc5 11. g5 g6 12. Nbd2 f5 13. Qc3 d4 14. exd4 Ncd7 15. d5 e5 16. Nxe5 Bc5 17. Nxc6 Qe7 18. Nxe7+ Kf7 19. Qg7+ Ke8 20. Nxg6 hxg6 21. Qxg6+ Kd8 22. h4 Be7 23. h5 b5 24. h6 bxc4 25. dxc4 Na6 26. h7 Nb4 27. O-O-O Rc8 28. Kb1 Nxd5 29. cxd5 Bxd5 30. Nc4 Bf7 31. Rxd7+ Kxd7 32. Rd1+ Ke8 33. Nd6+ Bxd6 34. Bb5+ Rc6 35. Bxc6+ Kd8 36. Qxd6+ Kc8 37. Qd7+ Kb8 38. Qb7# 1-0


[Site "https://www.chess.com"]

[Event "Titled Tuesday Blitz March 28 Late 2023"]
[White "Mazurkiewicz, Michal"]
[Black "sebastianmarinp"]
[WhiteFideId "1124943"]
[WhiteElo "2054"]
[BlackElo "2302"]
[Result "0-1"]
[Round "08"]
[TimeControl "180+2"]
[Date "2023.03.28"]
[WhiteClock "0:00:01"]
[BlackClock "0:00:19"]

1. e4 e5 2. Nf3 Nc6 3. Bb5 a6 4. Bxc6 dxc6 5. O-O Bg4 6. h3 Bh5 7. g4 Bg6 8. Nxe5 Nf6 9. d3 Qd4 10. Nf3 Qd7 11. Qe2 O-O-O 12. Nbd2 h5 13. Ne5 Qe6 14. Nxg6 fxg6 15. g5 Nd5 16. Qf3 Nb4 17. Nc4 Nxc2 18. Rb1 Nd4 19. Qg2 Ne2+ 20. Kh1 Rxd3 21. Ne3 Nf4 22. Qg3 Bd6 23. Qh2 Qxe4+ 24. f3 Qe6 25. Ng2 Ne2 26. f4 Ng3+ 27. Kg1 Bc5+ 28. Ne3 Bxe3+ 0-1


[Site "https://www.chess.com"]

[Event "Titled Tuesday Blitz March 28 Late 2023"]
[White "Garrido, Denis"]
[Black "Fernandez, Maria Florencia"]
[WhiteFideId "601217"]
[BlackFideId "116459"]
[WhiteElo "2300"]
[BlackElo "2155"]
[Result "1-0"]
[Round "08"]
[TimeControl "180+2"]
[Date "2023.03.28"]
[WhiteClock "0:00:11"]
[BlackClock "0:00:07"]

1. e4 c5 2. Nf3 d6 3. d4 cxd4 4. Nxd4 Nf6 5. Nc3 g6 6. Be3 Bg7 7. f3 O-O 8. Qd2 Nc6 9. Bc4 Bd7 10. O-O-O Rb8 11. h4 b5 12. Bb3 Na5 13. h5 Nc4 14. Bxc4 bxc4 15. Bh6 e5 16. Bxg7 Kxg7 17. hxg6 fxg6 18. Qh6+ Kg8 19. Nde2 Be6 20. f4 Qb6 21. b3 cxb3 22. axb3 Bxb3 23. cxb3 Qxb3 24. Rd2 Rfc8 25. Rc2 Rc7 26. f5 gxf5 27. Qxf6 Qa3+ 28. Kd2 Rg7 29. Qe6+ Kh8 30. g4 f4 31. Qf6 Qc5 32. Rh3 Qb4 33. g5 d5 34. g6 h6 35. Rxh6+ Kg8 36. Rh7 Qf8 37. Rxg7+ Qxg7 38. Qxg7+ Kxg7 39. Nxd5 Kxg6 40. Nec3 Kg5 41. Kd3 Rd8 42. Rg2+ Kh4 43. Ke2 Rg8 44. Rxg8 Kh3 45. Kf3 Kh4 46. Nxf4 exf4 47. Kxf4 Kh5 48. e5 Kh6 49. e6 Kh7 50. Rg1 Kh6 51. e7 a6 52. e8=Q a5 53. Qh8# 1-0


[Site "https://www.chess.com"]

[Event "Titled Tuesday Blitz March 28 Late 2023"]
[White "Dubreuil, Julien"]
[Black "Senthilkumar, Pranav"]
[WhiteFideId "621285"]
[BlackFideId "2083477"]
[WhiteElo "2291"]
[BlackElo "1860"]
[Result "0-1"]
[Round "08"]
[TimeControl "180+2"]
[Date "2023.03.28"]
[WhiteClock "0:00:02"]
[BlackClock "0:00:09"]

1. e4 c5 2. Nf3 Nc6 3. b4 cxb4 4. d4 d6 5. d5 Ne5 6. Bb2 Nxf3+ 7. Qxf3 Nf6 8. a3 g6 9. Bb5+ Bd7 10. Bxd7+ Qxd7 11. axb4 Bg7 12. O-O O-O 13. Nd2 a6 14. c4 Rac8 15. Qb3 b5 16. Bxf6 Bxf6 17. Rxa6 bxc4 18. Nxc4 Qb5 19. Rc6 Rxc6 20. dxc6 Qxc6 21. b5 Qxe4 22. b6 Rb8 23. Rb1 Bd4 24. b7 Qe2 25. Ne3 Bxe3 26. fxe3 Qa6 27. h3 e6 28. Kh2 d5 29. Qb4 Qc6 30. Qe7 Kg7 31. Rf1 Qe8 32. Qf6+ Kg8 33. Rb1 Qd7 34. Qb2 Qd6+ 35. Kh1 e5 36. Qb5 d4 37. exd4 exd4 38. Rc1 d3 39. Rc6 Qd8 40. Rc1 d2 41. Rd1 Qc7 42. Qd3 Rxb7 43. Qxd2 Qe5 44. Qd8+ Kg7 45. Qd4 Qxd4 46. Rxd4 Rb1+ 47. Kh2 Re1 48. h4 h5 49. Kh3 Re3+ 50. g3 Re6 51. Rf4 Rf6 52. Rd4 Rf5 53. g4 Rf3+ 54. Kg2 hxg4 55. Rxg4 Ra3 56. Rb4 Ra2+ 57. Kg3 Ra3+ 58. Kg4 Kh6 59. Rc4 f5+ 60. Kf4 Kh5 61. Ke5 Re3+ 62. Kf6 Re4 63. Rc8 Kxh4 64. Rh8+ Kg3 65. Rg8 f4 66. Rxg6+ Kf2 67. Kf5 Ra4 68. Rb6 f3 69. Rb2+ Kg1 70. Rb1+ Kg2 71. Rb4 f2 72. Rxa4 f1=Q+ 73. Rf4 Qb1+ 74. Kg5 Kg3 75. Rg4+ Kf3 76. Rf4+ Ke3 0-1


[Site "https://www.chess.com"]

[Event "Titled Tuesday Blitz March 28 Late 2023"]
[White "Fernandez Sanchez, Mario Andres"]
[Black "Hoffmann, Asa"]
[WhiteFideId "6501621"]
[BlackFideId "2001470"]
[WhiteElo "2050"]
[BlackElo "2117"]
[Result "1-0"]
[Round "08"]
[TimeControl "180+2"]
[Date "2023.03.28"]
[WhiteClock "0:01:12"]
[BlackClock "0:01:02"]

1. d4 Nf6 2. Bf4 d6 3. Nc3 c6 4. e4 b5 5. f3 a6 6. Qd2 Qc7 7. O-O-O Nbd7 8. h4 e5 9. Be3 Bb7 10. h5 h6 11. Nge2 Be7 12. g4 Nb6 13. Ng3 Bc8 14. dxe5 dxe5 15. Rg1 Be6 16. Nf5 Bxf5 17. gxf5 Rd8 18. Qf2 Rxd1+ 19. Nxd1 Nbd7 20. Rxg7 Nxh5 21. Rg1 Nf4 22. Nc3 Qa5 23. Kb1 Bg5 24. Ne2 f6 25. Nxf4 Bxf4 26. Bxf4 exf4 27. Bd3 Ne5 28. Qa7 Qd8 29. Rg7 Nd7 30. a4 h5 31. axb5 axb5 32. Qa2 Rf8 33. Qe6+ 1-0


[Site "https://www.chess.com"]

[Event "Titled Tuesday Blitz March 28 Late 2023"]
[White "Rottenwohrer Suarez, Juan"]
[Black "OKEKE, Isaac Chukwudalu"]
[WhiteFideId "32068182"]
[BlackFideId "8508526"]
[WhiteElo "2174"]
[BlackElo "2161"]
[Result "0-1"]
[Round "08"]
[TimeControl "180+2"]
[Date "2023.03.28"]
[WhiteClock "0:00:02"]
[BlackClock "0:00:10"]

1. e4 c5 2. Nf3 d6 3. d4 cxd4 4. Nxd4 Nf6 5. Nc3 a6 6. Be3 e5 7. Nb3 Be7 8. Be2 Be6 9. O-O O-O 10. f4 exf4 11. Rxf4 Nc6 12. Nd5 Rc8 13. Bb6 Nxd5 14. Bxd8 Nxf4 15. Bxe7 Nxe7 16. Bf3 Rfd8 17. Nd4 Bd7 18. Qd2 Nfg6 19. Rd1 Ne5 20. Be2 g6 21. h3 Rc7 22. c3 Kg7 23. Nf3 Nxf3+ 24. Bxf3 Be6 25. Qd4+ Kg8 26. Qf6 Rdd7 27. h4 h5 28. Qg5 Rc5 29. Qf4 Rc6 30. Qe3 Rc5 31. Kh2 Re5 32. Qa7 Kg7 33. Qb8 Nc6 34. Qa8 Bxa2 35. Re1 Rde7 36. Qc8 Bd5 0-1


[Site "https://www.chess.com"]

[Event "Titled Tuesday Blitz March 28 Late 2023"]
[White "reevecanada"]
[Black "Lorenzo De La Riva, Lazaro"]
[BlackFideId "2268809"]
[WhiteElo "2424"]
[BlackElo "2294"]
[Result "1-0"]
[Round "08"]
[TimeControl "180+2"]
[Date "2023.03.28"]
[WhiteClock "0:01:34"]
[BlackClock "0:00:20"]

1. e4 c6 2. c4 d5 3. cxd5 cxd5 4. exd5 Nf6 5. Nc3 g6 6. Nf3 Bg7 7. Bc4 O-O 8. O-O Nbd7 9. d3 Nb6 10. Qb3 Bf5 11. Be3 Rc8 12. Rfd1 Nfd7 13. a4 Nc5 14. Bxc5 Rxc5 15. a5 Nxc4 16. dxc4 Qc8 17. Ra4 Rd8 18. Nd4 Bd7 19. Rb4 Rxa5 20. Rxb7 Qc5 21. Rb8 Qc7 22. Rxd8+ Qxd8 23. Nc6 Bxc6 24. dxc6 Qc7 25. Nd5 Qd6 26. c7 Rxd5 27. c8=Q+ 1-0


[Site "https://www.chess.com"]

[Event "Titled Tuesday Blitz March 28 Late 2023"]
[White "Svicevic, Rastko"]
[Black "Lopez Perdomo, Juan David"]
[WhiteFideId "916315"]
[BlackFideId "4405137"]
[WhiteElo "2071"]
[BlackElo "1965"]
[Result "1-0"]
[Round "08"]
[TimeControl "180+2"]
[Date "2023.03.28"]
[WhiteClock "0:00:05"]
[BlackClock "0:00:04"]

1. d4 c5 2. d5 e6 3. e4 exd5 4. exd5 d6 5. c4 Nf6 6. Nc3 Be7 7. h3 O-O 8. Nf3 Na6 9. Bd3 Nc7 10. O-O a6 11. a4 b6 12. a5 b5 13. cxb5 axb5 14. Nxb5 Ncxd5 15. Bg5 Rxa5 16. Qd2 Rxa1 17. Rxa1 Bb7 18. Ne1 Nb4 19. Be2 d5 20. Qf4 Ne4 21. Bxe7 Qxe7 22. Ra7 Nc6 23. Ra3 Qe5 24. Qxe5 Nxe5 25. f3 Ng3 26. Bd1 Nc4 27. Rb3 Ne5 28. Kf2 Nf5 29. Bc2 Ne7 30. Nc7 Bc6 31. f4 Nc4 32. Na6 Ba4 33. Rc3 Bxc2 34. Rxc2 Rc8 35. b3 Na5 36. Rxc5 Rxc5 37. Nxc5 Nec6 38. Ned3 Kf8 39. b4 Nc4 40. b5 Nd4 41. Nb4 Nxb5 42. Nxd5 g6 43. Nd7+ Kg7 44. Kf3 Ncd6 45. Nc5 Na3 46. g4 Nac4 47. Ne4 h6 48. Nxd6 Nxd6 49. Kf2 Ne8 50. Ne3 h5 51. f5 hxg4 52. hxg4 g5 53. Kf3 Nf6 54. Ng2 Nd5 55. Ne1 Kf6 56. Nd3 Nc3 57. Nf2 Nb1 58. Ne4+ Ke5 59. Nxg5 f6 60. Nf7+ Kd4 61. Nh6 Ke5 62. Ng8 Nd2+ 63. Kf2 Ne4+ 64. Kf3 Ng5+ 65. Kg3 Nh7 66. Ne7 Kd6 67. Ng6 Kd5 68. Kf4 Ng5 69. Nh4 Kd6 70. Nf3 Nf7 71. Nd4 Kd5 72. Ne6 Kd6 73. Ng7 Kd5 74. Nh5 Kd6 75. Nxf6 Ke7 76. Ne4 Nd8 77. g5 Kf7 78. g6+ Kg7 79. Kg5 Nc6 80. f6+ Kg8 81. Nd6 Ne5 82. f7+ Kf8 83. Kf6 Nxg6 84. Kxg6 Ke7 85. Kg7 Kxd6 86. f8=Q+ Kd7 87. Qf6 Ke8 88. Qf7+ Kd8 89. Qe6 Kc7 90. Qd5 Kb6 91. Kf6 Kc7 92. Ke5 Kb6 93. Kd4 Ka6 94. Qc5 Kb7 95. Qc4 Kb6 96. Kd5 Ka5 97. Qb3 Ka6 98. Kc6 Ka5 99. Qb5# 1-0


[Site "https://www.chess.com"]

[Event "Titled Tuesday Blitz March 28 Late 2023"]
[White "Romkachess"]
[Black "Kohler, Aran"]
[BlackFideId "1002856"]
[WhiteElo "2505"]
[BlackElo "2309"]
[Result "1-0"]
[Round "08"]
[TimeControl "180+2"]
[Date "2023.03.28"]
[WhiteClock "0:00:07"]
[BlackClock "0:00:11"]

1. e4 c6 2. d4 d5 3. Nc3 dxe4 4. Nxe4 Bf5 5. Ng3 Bg6 6. Nh3 e6 7. Nf4 Nd7 8. h4 Ngf6 9. h5 Bf5 10. Nxf5 Qa5+ 11. Bd2 Qxf5 12. Bd3 Qg4 13. Qxg4 Nxg4 14. f3 Ngf6 15. g4 Nd5 16. c4 Nxf4 17. Bxf4 Bb4+ 18. Ke2 O-O-O 19. Rad1 h6 20. a3 Be7 21. d5 e5 22. Be3 c5 23. Bf5 Bd6 24. b4 b6 25. Rb1 Kc7 26. Rb3 Rb8 27. Rhb1 Nf6 28. Kd3 Rhe8 29. Be4 Nd7 30. Bf5 Nf6 31. Bf2 Rg8 32. Bh4 Nd7 33. Be4 g6 34. hxg6 fxg6 35. Bf2 Nf6 36. bxc5 bxc5 37. Rxb8 Rxb8 38. Rxb8 Nxe4 39. Kxe4 Kxb8 40. Bg3 Kc8 41. Bxe5 Be7 42. Bf4 h5 43. gxh5 gxh5 44. Kf5 Kd7 45. Kg6 h4 46. Kh5 h3 47. Kg4 Bd6 48. Bxd6 Kxd6 49. Kxh3 Ke5 50. Kg4 Kd4 51. d6 Kxc4 52. d7 Kb3 53. d8=Q c4 54. Qa5 c3 55. Qxa7 c2 56. Qc5 1-0


[Site "https://www.chess.com"]

[Event "Titled Tuesday Blitz March 28 Late 2023"]
[White "Santos Flores, Alberto"]
[Black "Sarkar, Justin"]
[WhiteFideId "3601234"]
[BlackFideId "2010011"]
[WhiteElo "2235"]
[BlackElo "2189"]
[Result "1-0"]
[Round "08"]
[TimeControl "180+2"]
[Date "2023.03.28"]
[WhiteClock "0:02:44"]
[BlackClock "0:00:04"]

1. e4 c5 2. Nf3 Nc6 3. d4 cxd4 4. Nxd4 g6 5. Nc3 Bg7 6. Be3 Nf6 7. Bc4 O-O 8. Bb3 d6 9. f3 Nxd4 10. Bxd4 Be6 11. Qd2 Qa5 12. O-O-O Rfc8 13. Kb1 b5 14. h4 b4 15. Nd5 Nxd5 16. exd5 Bxd5 17. Bxg7 Bxb3 18. axb3 Kxg7 19. h5 g5 20. h6+ Kh8 21. Rhe1 Rc7 22. Re4 Rac8 23. Rde1 Rxc2 24. Rxe7 1-0


[Site "https://www.chess.com"]

[Event "Titled Tuesday Blitz March 28 Late 2023"]
[White "Gonzalez, Francisco Silva"]
[Black "Aung Thant Zin"]
[WhiteFideId "1512285"]
[BlackFideId "13000063"]
[WhiteElo "2074"]
[BlackElo "2278"]
[Result "1-0"]
[Round "08"]
[TimeControl "180+2"]
[Date "2023.03.28"]
[WhiteClock "0:01:30"]
[BlackClock "0:00:23"]

1. d4 Nf6 2. c4 e6 3. Nc3 Bb4 4. a3 Bxc3+ 5. bxc3 c5 6. e3 Nc6 7. Bd3 d6 8. Nf3 e5 9. e4 h6 10. Be3 b6 11. h3 O-O 12. d5 Na5 13. O-O Ba6 14. Nd2 Nd7 15. a4 Qe7 16. Kh2 Rae8 17. Qe2 Bc8 18. Ra2 Kh8 19. Qh5 Nf6 20. Qe2 Nh7 21. Qh5 Nf6 22. Qe2 Nh7 23. f4 exf4 24. Bxf4 f5 25. Raa1 Nf6 26. Rae1 fxe4 27. Nxe4 Nxe4 28. Bxe4 Qd8 29. Qh5 Qf6 30. Bg3 Qg5 31. Qxg5 hxg5 32. Rxf8+ Rxf8 33. Bxd6 Re8 34. Bg3 Bf5 35. Bxf5 1-0


[Site "https://www.chess.com"]

[Event "Titled Tuesday Blitz March 28 Late 2023"]
[White "Palacio,Igor Da Paz"]
[Black "Vedder, Richard"]
[WhiteFideId "2121140"]
[BlackFideId "1004166"]
[WhiteElo "2126"]
[BlackElo "2168"]
[Result "0-1"]
[Round "08"]
[TimeControl "180+2"]
[Date "2023.03.28"]
[WhiteClock "0:00:55"]
[BlackClock "0:01:57"]

1. e4 e5 2. Nf3 Nc6 3. c3 Nf6 4. Qa4 Be7 5. d4 exd4 6. cxd4 d5 7. e5 Ne4 8. Bb5 Bd7 9. Nc3 Nxc3 10. bxc3 O-O 11. Qd1 Nxe5 12. Nxe5 Bxb5 13. Rb1 Ba6 14. Nd3 Bd6 15. O-O Qh4 16. f4 Rfe8 17. g3 Qh3 18. Rb2 Re4 19. Re2 Rae8 20. Rfe1 Qf5 21. Rxe4 Rxe4 22. Nf2 Rxe1+ 23. Qxe1 Qe6 24. Bd2 Qxe1+ 25. Bxe1 Bc4 0-1


[Site "https://www.chess.com"]

[Event "Titled Tuesday Blitz March 28 Late 2023"]
[White "Prieto Aranguren, Alain"]
[Black "Krstulovic, Alex"]
[WhiteFideId "2268906"]
[BlackFideId "760056"]
[WhiteElo "2209"]
[BlackElo "2311"]
[Result "0-1"]
[Round "08"]
[TimeControl "180+2"]
[Date "2023.03.28"]
[WhiteClock "0:00:03"]
[BlackClock "0:00:17"]

1. e4 c5 2. Nf3 d6 3. Bc4 Nf6 4. d3 e6 5. O-O Be7 6. Re1 O-O 7. Nbd2 d5 8. Bb3 a5 9. a4 Nc6 10. e5 Nd7 11. Nf1 d4 12. Ng3 Re8 13. Nh5 Nf8 14. Bf4 g6 15. Nf6+ Bxf6 16. exf6 Qxf6 17. Bg3 e5 18. Qd2 Be6 19. Bh4 Qg7 20. Bg5 f6 21. Bh6 Qf7 22. Bxe6 Nxe6 23. h4 Ne7 24. g4 Nd5 25. c3 Nef4 26. cxd4 cxd4 27. Rac1 Qd7 28. Nh2 Qxa4 29. Qc2 Qxc2 30. Rxc2 Nxd3 31. Rd1 N3b4 32. Rc5 Rec8 33. Rdc1 Rxc5 34. Rxc5 b6 35. Rc4 Kf7 36. Nf3 Ke6 37. Nd2 a4 38. Ne4 d3 39. Bd2 b5 40. Rc5 a3 41. bxa3 Rxa3 42. Rxb5 Ra1+ 43. Kh2 Nc6 44. Rc5 Nd4 45. Rc8 Nf3+ 46. Kg3 Nxd2 47. Nxd2 f5 48. g5 Ra2 49. Nc4 d2 50. Re8+ Kd7 0-1


[Site "https://www.chess.com"]

[Event "Titled Tuesday Blitz March 28 Late 2023"]
[White "Muhammad, Shahzeb"]
[Black "Escanor89"]
[WhiteFideId "7804806"]
[WhiteElo "2266"]
[BlackElo "2496"]
[Result "1-0"]
[Round "08"]
[TimeControl "180+2"]
[Date "2023.03.28"]
[WhiteClock "0:01:11"]
[BlackClock "0:00:24"]

1. d4 Nf6 2. Nf3 e6 3. g3 d5 4. Bg2 Be7 5. O-O O-O 6. c4 a5 7. Qc2 c6 8. Nc3 b6 9. e4 Bb7 10. e5 Ne8 11. h4 Na6 12. cxd5 cxd5 13. a3 Rc8 14. Bg5 Nb8 15. Bxe7 Qxe7 16. Ng5 g6 17. f4 Ng7 18. Bf3 Ba6 19. Rfd1 Nc6 20. h5 b5 21. Qh2 h6 22. hxg6 Nf5 23. Nxf7 Rxf7 24. gxf7+ Qxf7 25. g4 Nfxd4 26. Bg2 Nb3 27. Qxh6 Nxa1 28. Nxd5 Qa7+ 29. Kh2 Qh7 30. Nf6+ 1-0


[Site "https://www.chess.com"]

[Event "Titled Tuesday Blitz March 28 Late 2023"]
[White "Kiselev, Pavel"]
[Black "Quinones Garcia, Santiago"]
[WhiteFideId "4191102"]
[BlackFideId "4408497"]
[WhiteElo "2145"]
[BlackElo "2263"]
[Result "0-1"]
[Round "08"]
[TimeControl "180+2"]
[Date "2023.03.28"]
[WhiteClock "0:00:18"]
[BlackClock "0:00:22"]

1. Nf3 d5 2. c4 c6 3. d4 Nf6 4. e3 g6 5. b3 Bg7 6. Bd3 O-O 7. O-O Nbd7 8. Bb2 a5 9. Nc3 Re8 10. e4 dxe4 11. Nxe4 Nxe4 12. Bxe4 Nf6 13. Bc2 a4 14. bxa4 Be6 15. Bb3 Nd7 16. Qe2 Bg4 17. h3 Bxf3 18. Qxf3 Nb6 19. Rad1 Nxa4 20. c5 e6 21. Ba1 Qa5 22. Rd3 Qb5 23. Rb1 Qa6 24. Rdd1 Rec8 25. Rdc1 Rc7 26. Rc4 b5 27. cxb6 Nxb6 28. Rxc6 Rxc6 29. Qxc6 Rc8 30. Qf3 h5 31. g4 hxg4 32. hxg4 Rd8 33. Rd1 Nd5 34. g5 Qb6 35. Qe4 Rd6 36. Kg2 Qd8 37. f4 Ne7 38. a4 Nf5 39. Bc4 Qa5 40. Bb5 Rd8 41. d5 Bxa1 42. Rxa1 Rxd5 43. Rc1 Qd2+ 44. Qe2 Qxc1 45. a5 Rd2 0-1


[Site "https://www.chess.com"]

[Event "Titled Tuesday Blitz March 28 Late 2023"]
[White "Osmonbekov, Talaibek"]
[Black "Kubatko, Ivan"]
[WhiteFideId "2017253"]
[BlackFideId "24111473"]
[WhiteElo "2135"]
[BlackElo "2285"]
[Result "1-0"]
[Round "08"]
[TimeControl "180+2"]
[Date "2023.03.28"]
[WhiteClock "0:00:14"]
[BlackClock "0:00:01"]

1. d4 Nf6 2. Bf4 d5 3. Nc3 a6 4. e3 c5 5. Nf3 Nc6 6. dxc5 e6 7. Na4 Nd7 8. c4 Nxc5 9. cxd5 Nxa4 10. dxc6 Qa5+ 11. Nd2 bxc6 12. Qc2 Bd7 13. Bd3 Bb4 14. e4 e5 15. Be3 Bc5 16. O-O Bxe3 17. fxe3 Nb6 18. Nb3 Qa4 19. Qc5 Nc8 20. Qxe5+ Ne7 21. Qxg7 O-O-O 22. Nc5 Qa5 23. Bxa6+ Kc7 24. Qe5+ Kb6 25. b4 Be6 26. bxa5+ 1-0


[Site "https://www.chess.com"]

[Event "Titled Tuesday Blitz March 28 Late 2023"]
[White "ritanovikova"]
[Black "Vivas Zamora, Fabian Ernesto"]
[BlackFideId "3902480"]
[WhiteElo "2221"]
[BlackElo "2262"]
[Result "0-1"]
[Round "08"]
[TimeControl "180+2"]
[Date "2023.03.28"]
[WhiteClock "0:00:05"]
[BlackClock "0:00:07"]

1. e4 e5 2. Nf3 Nc6 3. Bb5 Nf6 4. Nc3 Nd4 5. Bc4 Bc5 6. h3 O-O 7. d3 c6 8. O-O b5 9. Bb3 a5 10. a4 Nxb3 11. cxb3 b4 12. Ne2 d6 13. Be3 Qb6 14. Qd2 Ba6 15. Rfd1 Rfe8 16. Rac1 Bxe3 17. Qxe3 Qxe3 18. fxe3 c5 19. Ng3 g6 20. Kf2 Rac8 21. Ke1 h5 22. Kd2 Kg7 23. Rf1 Rc7 24. Rf2 Ng8 25. Rcf1 Bc8 26. Kc2 f6 27. Nd2 Be6 28. Nc4 Bxc4 29. bxc4 b3+ 30. Kxb3 Rb8+ 31. Kc3 Rcb7 32. Rc2 Rb3+ 33. Kd2 Rxb2 34. Rc1 Rxc2+ 35. Rxc2 Rb4 36. Ra2 Ne7 37. Ne2 Rb1 38. Nc1 Nc6 39. Kc2 Rb8 40. Rb2 Nb4+ 41. Kc3 f5 42. exf5 gxf5 43. Rf2 Kg6 44. Rd2 Kf6 45. Nb3 Nc6 46. d4 cxd4+ 47. exd4 Rxb3+ 48. Kxb3 Nxd4+ 49. Kc3 f4 50. Kd3 Nb3 51. Rb2 Nc5+ 52. Ke2 Nxa4 53. Rb8 Nc5 54. Ra8 a4 55. Kf3 Kf5 56. Rf8+ Kg5 57. Rg8+ Kf5 58. Rf8+ Kg5 59. Rg8+ Kf6 60. Rf8+ Ke7 61. Ra8 Ke6 62. Re8+ Kd7 63. Ra8 Kc6 64. g4 fxg3 65. Kxg3 Kb7 66. Ra5 Kb6 67. Rb5+ Ka6 68. Rb1 Ka5 69. Kh4 a3 70. Kxh5 Ka4 71. Kg6 Nb3 72. h4 a2 73. Rg1 Nd2 74. h5 Nb1 75. h6 a1=Q 76. h7 e4 77. Rh1 Qe5 78. h8=Q Qxh8 79. Rxh8 e3 80. Re8 Nd2 81. Rxe3 Nxc4 82. Rd3 Ne5+ 83. Kf5 Nxd3 84. Ke4 Nb4 85. Kd4 Kb5 86. Kc3 Kc5 87. Kd2 Kd4 88. Kd1 d5 0-1


[Site "https://www.chess.com"]

[Event "Titled Tuesday Blitz March 28 Late 2023"]
[White "Kozin, Yuri"]
[Black "Mendez Machado, Andre"]
[WhiteFideId "4129920"]
[BlackFideId "6603793"]
[WhiteElo "2416"]
[BlackElo "1984"]
[Result "1-0"]
[Round "08"]
[TimeControl "180+2"]
[Date "2023.03.28"]
[WhiteClock "0:00:09"]
[BlackClock "0:00:16"]

1. e4 e5 2. Nf3 Nc6 3. Bb5 a6 4. Ba4 Nf6 5. O-O b5 6. Bb3 Bc5 7. d3 d6 8. Be3 Ba7 9. h3 O-O 10. a4 Rb8 11. Bxa7 Nxa7 12. axb5 Nxb5 13. Nbd2 Na7 14. Nc4 Nc6 15. Ne3 Kh8 16. Ng5 Qe7 17. f4 Nd4 18. Ba2 exf4 19. Rxf4 Qe5 20. Rxf6 Qxf6 21. Qh5 Ne2+ 22. Kh2 Qf4+ 23. g3 Qf2+ 24. Ng2 Qxg3+ 25. Kh1 h6 26. Nxf7+ Rxf7 27. Bxf7 Bxh3 28. Qxe2 Rf8 29. Rf1 Bd7 30. Qf2 Qh3+ 31. Kg1 Be8 32. Nf4 Qg4+ 33. Qg2 Qxg2+ 34. Kxg2 Rxf7 35. Ng6+ Kh7 36. Nf4 g5 37. Nd5 Rxf1 38. Kxf1 c5 39. Nf6+ Kg6 40. Nxe8 Kh5 41. Nxd6 Kg4 42. Nb7 Kg3 43. e5 h5 44. e6 h4 45. e7 h3 46. e8=Q h2 47. Qe5+ Kh3 48. Qf5+ Kg3 49. Qf2+ 1-0


[Site "https://www.chess.com"]

[Event "Titled Tuesday Blitz March 28 Late 2023"]
[White "Kazmaier, Daniel"]
[Black "Araujo, Everson De Moura"]
[WhiteFideId "2606089"]
[BlackFideId "22737197"]
[WhiteElo "2411"]
[BlackElo "2035"]
[Result "1-0"]
[Round "08"]
[TimeControl "180+2"]
[Date "2023.03.28"]
[WhiteClock "0:00:36"]
[BlackClock "0:00:04"]

1. d4 d5 2. Nf3 Nf6 3. Bf4 c5 4. e3 Nc6 5. c3 Qb6 6. Qb3 c4 7. Qxb6 axb6 8. Nbd2 Bf5 9. a3 e6 10. h3 h6 11. g4 Bh7 12. Be2 b5 13. O-O Be7 14. Ne5 Nxe5 15. Bxe5 O-O 16. f3 Ra6 17. Rae1 Nd7 18. Bg3 Nb6 19. Bd1 Na4 20. Bxa4 bxa4 21. Rf2 Rb6 22. Nf1 f5 23. Bc7 Rc6 24. Be5 g5 25. Ng3 f4 26. Nh5 fxe3 27. Rxe3 Bg6 28. Ng3 Bd6 29. Kg2 Rb6 30. Bxd6 Rxd6 31. Rfe2 Re8 32. Re5 Bd3 33. Rd2 Kf7 34. Nh5 Bg6 35. Ng3 Rb6 36. Rf2 Kg7 37. Nf1 Bd3 38. Ne3 Rf8 39. Kg3 Rd6 40. Ng2 Rf6 41. h4 Rg6 42. hxg5 hxg5 43. f4 gxf4+ 44. Nxf4 Rf6 45. Nh5+ 1-0


[Site "https://www.chess.com"]